 Dungeon Crawl Stone Soup version 0.32-a0-314-g526f7d4993 (webtiles) character file.

Game seed: 9785247077823062445

12679 jasper the Severer (level 11, -14/131 HPs)
             Began as a Mountain Dwarf Fighter on Feb 15, 2024.
             Was the Champion of Jiyva.
             Demolished by a minotaur
             ... wielding a +2 hand axe of venom
              (26 damage)
             ... in a Gauntlet.
             The game lasted 00:15:54 (8223 turns).

jasper the Severer (Mountain Dwarf Fighter)         Turns: 8223, Time: 00:15:55

Health: -14/131    AC: 18    Str: 32    XL:     11   Next: 65%
Magic:  0/11       EV: 13    Int:  4    God:    Jiyva [******]
Gold:   384        SH:  5    Dex: 17    Spells: 10/10 levels left

rFire   + + +        a - +1 war axe (spect)
rCold   + + .        c - +0 buckler
rNeg    + . .        w - +0 plate armour
rPois   +            I - -2 hat of the Alchemist {rElec rPois rF+ rC+ rN+ Will+ rMut rCorr}
rElec   +            J - +2 cloak of Sandy Joy {rElec rF+ Str+5 Int-3}
rCorr   +            (no gloves)
SInv    .            (no boots)
Will    ++...        u - amulet of the Mauling Ancients {Spirit Stlth+} Stlth
                     m - +6 ring of strength
HPRegen 2.01/turn    C - +5 ring of evasion
MPRegen 0.92/turn

%: no teleportation, resist mutation, guardian spirit
@: lethally poisoned (-14 -> -14), resistant, studying Summonings
A: runic magic, artefact enchanting, talons 1, iridescent scales 1, agile 2,
poison resistance, robust 3
a: Renounce Religion, Oozemancy, Slimify


You were in a Gauntlet.
You worshipped Jiyva.
Jiyva was exalted by your worship.
You visited 2 branches of the dungeon, and saw 10 of its levels.
You also visited: Gauntlet.

You collected 432 gold pieces.
You spent 48 gold pieces at shops.

Inventory:

Hand Weapons
 a - a +1 spectral war axe (weapon)
 n - a +0 battleaxe
 r - a +0 morningstar
 D - the +11 sling of Attainder {heavy, Str+5 Dex+2}
   (You found it on level 7 of the Dungeon)

   Str+5:     It affects your strength (+5).
   Dex+2:     It affects your dexterity (+2).
Missiles
 h - 71 stones (quivered)
 t - 9 poisoned darts
 x - a curare-tipped dart
 B - a boomerang
Armour
 c - a +0 buckler (worn)
 l - the +2 leather armour "Nauttaid" {Will+}
   (You found it on level 2 of the Dungeon)

   Will+:     It increases your willpower.
 w - a +0 plate armour (worn)
 y - +2 acid dragon scales
 I - the -2 hat of the Alchemist (worn) {rElec rPois rF+ rC+ rN+ Will+ rMut rCorr}
   (You found it in a Gauntlet)

   rF+:       It protects you from fire.
   rC+:       It protects you from cold.
   rElec:     It insulates you from electricity.
   rPois:     It protects you from poison rN+: It protects you from negative
   energy.
   Will+:     It increases your willpower.
   rCorr:     It protects you from acid and corrosion.
   rMut:      It protects you from mutation.
 J - the +2 cloak of Sandy Joy (worn) {rElec rF+ Str+5 Int-3}
   (You found it in a Gauntlet)

   Str+5:     It affects your strength (+5).
   Int-3:     It affects your intelligence (-3).
   rF+:       It protects you from fire.
   rElec:     It insulates you from electricity.
Jewellery
 m - a +6 ring of strength (left hand)
 u - the amulet of the Mauling Ancients (around neck) {Spirit Stlth+}
   (You found it on level 5 of the Dungeon)

   [amulet of guardian spirit]

   Spirit:    It causes incoming damage to be divided between your reserves of
   health and magic.
   Stlth+:    It makes you more stealthy.
 z - a ring of positive energy
 C - a +5 ring of evasion (right hand)
 F - an amulet of the acrobat
Wands
 d - a wand of polymorph (23)
 q - a wand of roots (11)
 A - a wand of flame (47)
Scrolls
 b - a scroll of amnesia
 k - a scroll of fear
 o - a scroll of fog
 s - a scroll of teleportation
 v - a scroll of poison
Potions
 e - a potion of degeneration
 g - 2 potions of enlightenment
 i - 2 potions of ambrosia
 j - a potion of resistance
 E - a potion of lignification {unknown}
 H - a potion of invisibility {unknown}
Miscellaneous
 f - a phial of floods
 G - a lightning rod (2/4)


   Skills:
 + Level 10.8 Fighting
 * Level 15.7 Axes
 + Level 10.8 Armour
 - Level 3.7 Shields


You had 10 spell levels left.
You didn't know any spells.
Your spell library contained the following spells:

 Spells                   Type           Power      Damage    Failure   Level
 Kiss of Death            Conj/Necr      0%         2d5       71%         1
 Scorch                   Fire           0%         2d5       83%         2
 Confusing Touch          Hex            0%         N/A       97%         3
 Dispel Undead            Necr           0%         3d6       100%        4
 Flame Wave               Conj/Fire      0%         2d4       100%        4
 Summon Cactus Giant      Summ           0%         N/A       100%        6


Dungeon Overview and Level Annotations

Branches:
Dungeon (9/15)             Temple (0/1) D:5            Lair (1/5) D:8
    Orc (0/2) D:9         Gauntlet (1/1)

Altars:
Cheibriados
Dithmenos
Makhleb
Okawaru
Qazlal
Ru
Trog
Vehumet
Wu Jian
Yredelemnul
Jiyva

Shops:
D:3 *=?   D:5 (   D:9 (

Annotations:
Gauntlet 8 transporters


Innate Abilities, Weirdness & Mutations

Your spellcasting is much less encumbered by armour.
You can use scrolls of enchantment on lesser artefacts.
You have sharp toenails.
You are partially covered in iridescent scales. (AC +2)
You are very agile. (Dex +8, Str/Int -2)
Your system is resistant to poisons. (rPois)
You are extremely robust. (+30% HP)


Message History

The minotaur hits your +1 spectral war axe but does no damage.
You block the minotaur's attack.
You take 23 damage, and have 31/131 hp.
You now have 3/11 mp.
You feel much better.
Your +1 spectral war axe disappears.
You feel extremely sick.
The minotaur hits you but does no damage.
You block the minotaur's attack.
You regained 19 hp, and now have 50/131 hp.
Okay, then.
Unknown command.
You feel protected.
You feel very sick.
The minotaur hits you with a +2 hand axe of venom!!
* * * LOW HITPOINT WARNING * * *
The minotaur gores you but does no damage.
You take 30 damage, and have 20/131 hp.
MASSIVE DAMAGE!!
You now have 3/11 mp.
As you read the scroll of fear, it crumbles to dust.
You assume a fearsome visage.
The minotaur resists with almost no effort.
You feel very sick. You block the minotaur's attack. The minotaur gores you.
* * * LOW HITPOINT WARNING * * *
You take 5 damage, and have 15/131 hp.
You feel very sick. The minotaur attacks as it pursues you!
The minotaur closely misses you.
The minotaur completely misses the jelly.
The minotaur gores you but does no damage.
You take 1 damage, and have 14/131 hp.
Okay, then.
You feel very sick.
The jelly barely misses the minotaur.
You take 1 damage, and have 13/131 hp.
You swap places.
You feel sick.
You slice the minotaur!! Your kick misses the minotaur.
The minotaur is severely wounded.
You feel sick.
The minotaur hits you with a +2 hand axe of venom!!
You die...
Jiyva sends a jelly to digest your remains.

#.#.#.#.#h#...#.#####.#...#.#....
#°##.##○#E#...#.......#...#.##...
#.°###.##h#...#.[.©.[.#J..#..##.#
#^....##©##...#########..J#...[©[
###########.........J.....#######
............ß.....ß.J...ß........
.....ß.........................ß.
§.§........§#§#########≈#........
§#§#≈#≈#≈#§####.@J....####≈#≈#≈#≈
##############..ßHß.ß..##########
##...©J©.©...## #.............#
#.##.##.##.##.# #. #. #.# # . ..
... # .## ##.# #. .#


You could see a minotaur, a fire elemental, a hell hound and 5 neutral jellies
(fellow slime).

Vanquished Creatures
  4 death yaks (Gauntlet)
  2 large abominations (Gauntlet)
  Pikel (D:9)
  A necromancer (Gauntlet)
  A manticore (D:7)
  A cane toad (Lair:1)
  A rime drake (Lair:1)
  2 trolls
  A shadow (D:9)
  Sigmund (D:5)
  2 steam dragons
  Edmund (D:4)
  Duvessa (D:4)
  2 acid dragons
  6 water moccasins
  4 ice beasts
  3 orc warriors
  2 sky beasts
  A black bear (D:7)
  2 ogres (D:6)
  A tengu (D:7)
  7 centaurs
  3 lemures (D:9)
  2 phantoms
  A kobold brigand (D:7)
  8 bullfrogs
  Blork the orc (D:4)
  5 scorpions
  5 small abominations (Gauntlet)
  7 wights
  3 killer bees (D:9)
  An electric eel (D:9)
  A howler monkey (D:7)
  A bombardier beetle (D:5)
  A hound (D:4)
  7 orc priests
  A gnoll bouda (D:8)
  A sleepcap (D:8)
  Ijyb (D:3)
  Jessica (D:3)
  3 iguanas
  10 orc wizards
  18 gnolls
  10 adders
  2 shadow imps (D:7)
  3 white imps
  2 ufetubi (D:7)
  A dart slug (D:1)
  A ribbon worm (D:2)
  24 orcs
  An endoplasm (D:1)
  8 goblins
  3 hobgoblins
  13 jackals
  3 quokkas
  5 ball pythons
  2 bats (D:2)
  14 kobolds
  3 rats
223 creatures vanquished.

Vanquished Creatures (collateral kills)
  A boulder beetle (D:7)
  Menkaure (D:7)
2 creatures vanquished.

Vanquished Creatures (others)
  An orc warrior (D:8)
  A sky beast (D:8)
  A bullfrog (D:6)
  Dowan (D:4)
  11 jellies
  3 orc wizards
  Robin (D:2)
  An adder (D:2)
  7 gnolls
  A dart slug (D:2)
  10 orcs
  2 endoplasms
  7 goblins (D:2)
  A hobgoblin (D:2)
  A jackal (D:4)
  A ball python (D:3)
  A bat (D:2)
  A kobold (D:2)
  A spectral weapon (Gauntlet)
53 creatures vanquished.

Grand Total: 278 creatures vanquished

Notes
Turn   | Place    | Note
-------+----------+-------------------------------------------
     0 | D:1      | jasper the Mountain Dwarf Fighter began the quest for the
                  | Orb.
     0 | D:1      | Reached XP level 1. HP: 19/19 MP: 1/1
   144 | D:1      | Reached XP level 2. HP: 23/26 MP: 2/2
   234 | D:1      | Reached skill level 3 in Axes
   395 | D:1      | Found a faded altar of an unknown god.
   468 | D:1      | Prayed at the altar of an unknown god.
   468 | D:1      | Became a worshipper of Jiyva Juonug the Shapeless
   468 | D:1      | Reached * piety under Jiyva
   997 | D:2      | Reached XP level 3. HP: 31/31 MP: 3/3
  1167 | D:2      | Reached ** piety under Jiyva
  1221 | D:2      | Reached XP level 4. HP: 40/40 MP: 4/4
  1221 | D:2      | Killed Robin
  1223 | D:2      | Identified the +2 leather armour "Nauttaid" {Will+}
  1372 | D:2      | Reached skill level 4 in Axes
  1910 | D:3      | Noticed Jessica
  1994 | D:3      | Killed Jessica
  2034 | D:3      | Found Hatai's General Store.
  2098 | D:3      | Reached XP level 5. HP: 40/46 MP: 5/5
  2186 | D:3      | Noticed an ice beast
  2222 | D:3      | Found a bloodstained altar of Trog.
  2301 | D:3      | Killed an ice beast
  2302 | D:3      | Reached skill level 5 in Axes
  2302 | D:3      | Reached XP level 6. HP: 49/53 MP: 6/6
  2394 | D:3      | Reached *** piety under Jiyva
  2399 | D:3      | Found Esurch's Jewellery Shoppe.
  2437 | D:3      | Found Pobryq's Magic Scroll Boutique.
  2442 | D:3      | Bought a scroll of fog for 48 gold pieces
  2509 | D:3      | Found an iron altar of Okawaru.
  2542 | D:3      | Noticed Ijyb
  2551 | D:3      | Killed Ijyb
  2737 | D:4      | Gained mutation: You have sharp toenails. [Jiyva's grace]
  2737 | D:4      | Gained mutation: You have razor-sharp toenails. [Jiyva's
                  | grace]
  2737 | D:4      | Gained mutation: You have claws for feet. [Jiyva's grace]
  2737 | D:4      | Gained mutation: You are covered in slimy tendrils that may
                  | disarm your opponents. [Jiyva's grace]
  2980 | D:4      | Noticed Dowan
  2986 | D:4      | Noticed Duvessa
  3007 | D:4      | Killed Dowan
  3052 | D:4      | Reached skill level 6 in Axes
  3302 | D:4      | Reached **** piety under Jiyva
  3311 | D:4      | Killed Duvessa
  3312 | D:4      | Reached skill level 5 in Fighting
  3312 | D:4      | Reached skill level 5 in Armour
  3312 | D:4      | Reached XP level 7. HP: 34/61 MP: 7/7
  3532 | D:5      | Entered Level 5 of the Dungeon
  3536 | D:5      | Noticed Edmund
  3538 | D:5      | Noticed Blork the orc
  3560 | D:4      | Killed Edmund
  3561 | D:4      | Reached skill level 7 in Axes
  3584 | D:4      | Killed Blork the orc
  3650 | D:5      | Identified the amulet of the Mauling Ancients {Spirit
                  | Stlth+}
  3654 | D:5      | Reached skill level 8 in Axes
  3707 | D:5      | Reached XP level 8. HP: 55/70 MP: 8/8
  3727 | D:5      | Found a staircase to the Ecumenical Temple.
  4133 | D:5      | Found Jotuoseiwe's Weapon Boutique.
  4241 | D:5      | Noticed Sigmund
  4251 | D:5      | Killed Sigmund
  4252 | D:5      | Reached skill level 9 in Axes
  4606 | D:6      | Reached skill level 10 in Axes
  4671 | D:6      | Reached XP level 9. HP: 75/79 MP: 9/9
  4817 | D:6      | Reached ***** piety under Jiyva
  5061 | D:6      | Found a stormy altar of Qazlal.
  5345 | D:7      | Reached skill level 11 in Axes
  5415 | D:7      | Noticed Maggie
  5418 | D:7      | Maggie changed into Maggie the tengu
  5418 | D:7      | Noticed Maggie
  5429 | D:7      | Killed Maggie the tengu
  5539 | D:7      | Found a sacrificial altar of Ru.
  5730 | D:7      | Lost mutation: You are covered in slimy tendrils that may
                  | disarm your opponents. [Jiyva's grace]
  5730 | D:7      | Gained mutation: You are agile. (Dex +4, Str/Int -1)
                  | [Jiyva's grace]
  5730 | D:7      | Gained mutation: You are very agile. (Dex +8, Str/Int -2)
                  | [Jiyva's grace]
  5730 | D:7      | Gained mutation: Your system is resistant to poisons.
                  | (rPois) [Jiyva's grace]
  5730 | D:7      | Gained mutation: Armour fits poorly on your pseudopods.
                  | [Jiyva's grace]
  5751 | D:7      | Noticed a troll
  5757 | D:7      | Killed a troll
  5789 | D:7      | Identified the +11 sling of Attainder {heavy, Str+5 Dex+2}
  5864 | D:7      | Found an ornate altar of the Wu Jian Council.
  5974 | D:7      | Found a basalt altar of Yredelemnul.
  5981 | D:7      | Found a burning altar of Makhleb.
  5986 | D:7      | Reached skill level 12 in Axes
  5989 | D:7      | Found a snail-covered altar of Cheibriados.
  6104 | D:7      | Noticed Menkaure
  6110 | D:7      | Killed Menkaure
  6167 | D:7      | Noticed a manticore
  6170 | D:7      | Noticed a boulder beetle
  6174 | D:7      | Reached XP level 10. HP: 61/90 MP: 10/10
  6179 | D:7      | Killed a manticore
  6197 | D:7      | Killed a boulder beetle
  6198 | D:7      | Reached skill level 13 in Axes
  6761 | D:8      | Found a staircase to the Lair.
  6975 | D:9      | Found a staircase to the Orcish Mines.
  6980 | D:9      | Found Oboczacs's Weapon Boutique.
  7186 | D:9      | Reached skill level 14 in Axes
  7250 | D:9      | Found a radiant altar of Vehumet.
  7250 | D:9      | Found a shadowy altar of Dithmenos.
  7255 | D:9      | Reached ****** piety under Jiyva
  7363 | D:9      | Lost mutation: You have claws for feet. [Jiyva's grace]
  7363 | D:9      | Lost mutation: You have razor-sharp toenails. [Jiyva's
                  | grace]
  7363 | D:9      | Lost mutation: Armour fits poorly on your pseudopods.
                  | [Jiyva's grace]
  7363 | D:9      | Gained mutation: You are robust. (+10% HP) [Jiyva's grace]
  7363 | D:9      | Gained mutation: You are very robust. (+20% HP) [Jiyva's
                  | grace]
  7363 | D:9      | Gained mutation: You are extremely robust. (+30% HP)
                  | [Jiyva's grace]
  7363 | D:9      | Gained mutation: You are partially covered in iridescent
                  | scales. (AC +2) [Jiyva's grace]
  7516 | D:9      | Noticed Pikel
  7527 | D:9      | Killed Pikel
  7528 | D:9      | Reached XP level 11. HP: 126/128 MP: 9/11
  7735 | Lair:1   | Entered Level 1 of the Lair of Beasts
  7759 | Lair:1   | Reached skill level 10 in Fighting
  7759 | Lair:1   | Reached skill level 10 in Armour
  7806 | Lair:1   | Found a gate leading to a gauntlet.
  7863 | Gauntlet | Entered a Gauntlet
  7863 | Gauntlet | Found a transporter.
  7868 | Gauntlet | Noticed a large abomination
  7872 | Gauntlet | Found a transporter.
  7873 | Gauntlet | Noticed a death scarab
  7874 | Gauntlet | Noticed a death scarab
  7888 | Gauntlet | Found a transporter.
  7892 | Gauntlet | Found a transporter.
  7912 | Gauntlet | Found a transporter.
  7924 | Gauntlet | Noticed a necromancer
  7925 | Gauntlet | Found a transporter.
  7928 | Gauntlet | Noticed a death yak
  7928 | Gauntlet | Noticed a death yak
  7929 | Gauntlet | Noticed a death yak
  7930 | Gauntlet | Found a transporter.
  7930 | Gauntlet | Noticed a death yak
  7934 | Gauntlet | Found a transporter.
  7939 | Gauntlet | Found the -2 hat of the Alchemist {rElec rPois rF+ rC+ rN+
                  | Will+ rMut rCorr}
  7954 | Gauntlet | Found a transporter.
  7976 | Gauntlet | Found a transporter.
  7978 | Gauntlet | Found a transporter.
  7979 | Gauntlet | Noticed a catoblepas
  7986 | Gauntlet | Found a transporter.
  8054 | Gauntlet | Killed a large abomination
  8070 | Gauntlet | Reached skill level 15 in Axes
  8157 | Gauntlet | Killed a necromancer
  8157 | Gauntlet | Killed a death yak
  8171 | Gauntlet | Killed a death yak
  8177 | Gauntlet | Killed a death yak
  8180 | Gauntlet | Killed a death yak
  8188 | Gauntlet | Identified the +2 cloak of Sandy Joy {rElec rF+ Str+5
                  | Int-3}
  8209 | Gauntlet | Identified the ring "Nulysi" {rPois Dex+7}
  8209 | Gauntlet | Noticed a minotaur
  8223 | Gauntlet | Demolished by a minotaur

Illustrated notes

Levels and vault maps discovered:
D:1:      saegor_arrival_miasma, layout_loops_corners,
          dreamdust_ecumenical_altar_grove
D:2:      layout_basic, uniq_robin
D:3:      layout_loops_ring, mainiacjoe_overflow_paths, okawaru_metal_pillars_3,
          serial_shops, shop, nicolae_shop_advertising_works
          [nicolae_subvault_shop_adworks], shop, st_stairs_11,
          grunt_ministairs_7, uniq_ijyb, uniq_jessica
D:4:      layout_basic, uniq_duvessa
D:5:      layout_loops_ring, minmay_temple_entry_grid, serial_shops,
          kennysheep_little_box, uniq_sigmund, uniq_blork_the_orc, uniq_edmund
D:6:      layout_loops_ring, nicolae_qazlal_style_of_elements,
          amcnicky_mini_corridor_feature, serial_bayou_ford_a, minmay_circle_x
D:7:      minmay_chambers_of_sevens, layout_basic, nicolae_ru_path_of_blood,
          minitemple, mainiacjoe_overflow_24_doors, minmay_misc_feat_columns,
          kennysheep_pointless_box, minmay_manual_mail, uniq_menkaure,
          uniq_maggie
D:8:      layout_loops_cross, due_lair_maze_entry_diamond
D:9:      layout_gridville, nicolae_overflow_two_pavilions, orc_david_3,
          uniq_pikel
Lair:1:   layout_chaotic_city, gauntlet_entry_generic,
          hangedman_lair_generics_rect
Gauntlet: minmay_gauntlet_mixed_oops_all_seconds
          [minmay_gauntlet_arena_77_braids, nicolae_gauntlet_arena_quarters,
          minmay_gauntlet_arena_77_mess, gammafunk_gauntlet_arena_spirals,
          minmay_gauntlet_arena_77_chump_sandwich,
          gammafunk_gauntlet_arena_split_diamond, gauntlet_exit_green]

Skill      XL: |  1  2  3  4  5  6  7  8  9 10 11 |
---------------+----------------------------------+-----
Axes           | 3 4 5 6 8 10 12 14 15 | 15.7
Fighting       | 4 5 6 7 8 9 10 | 10.8
Armour         | 4 5 6 7 8 9 10 | 10.8
Shields        | |  3.7

Action                     |  1- 3 |  4- 6 |  7- 9 | 10-12 || total
---------------------------+-------+-------+-------+-------++-------
  Melee: War axe           |    82 |   122 |   317 |   171 ||   692
         Kick              |       |     6 |    77 |    73 ||   156
         Pseudopods        |       |       |     7 |    17 ||    24
  Throw: Stone             |       |     6 |     1 |       ||     7
         Dart              |       |     1 |     3 |       ||     4
  Evoke: Wand              |       |     4 |    10 |     3 ||    17
         Lightning rod     |       |       |       |     4 ||     4
    Use: Scroll            |       |     2 |       |    10 ||    12
         Potion            |       |     3 |     1 |     5 ||     9
   Stab: Sleeping          |       |       |       |     3 ||     3
         Distracted        |       |       |       |     3 ||     3
 Armour: Scale mail        |    57 |    76 |   168 |       ||   301
         Plate armour      |       |       |    89 |    67 ||   156
         Acid dragon scale |       |       |    46 |    37 ||    83
  Dodge: Dodged            |    40 |    46 |   125 |    61 ||   272
  Block: Buckler           |    24 |    14 |    82 |    39 ||   159

Table legend: (Time is in decaauts)
 A = Elapsed time spent in this place.
 B = Non-inter-level travel time spent in this place.
 C = Inter-level travel time spent in this place.
 D = Time resting spent in this place.
 E = Time spent auto-exploring this place.
 F = Levels seen in this place.
 G = Mean time per level.
                   A        B        C        D        E       F      G
               +--------+--------+--------+--------+--------+-----+--------+
         Total |   8284 |   7840 |    444 |    338 |   5461 |  11 |  753.1 |
       Dungeon |   7814 |   7394 |    420 |    323 |   5222 |   9 |  868.2 |
          Lair |    124 |    100 |     24 |      0 |     55 |   1 |  124.0 |
      Gauntlet |    345 |    345 |      0 |     15 |    184 |   1 |  345.0 |
               +--------+--------+--------+--------+--------+-----+--------+

Top non-repeatable levels by time:
     D:7: 1240 daAuts
     D:1: 1004 daAuts
     D:2: 929 daAuts
     D:4: 861 daAuts
     D:3: 858 daAuts
     D:6: 849 daAuts
     D:5: 812 daAuts
     D:9: 724 daAuts
     D:8: 534 daAuts
Gauntlet: 345 daAuts
  Lair:1: 124 daAuts
